 Dungeon Sprint DCSS version 0.31-a0-460-g9e667d4245 (webtiles) character file.

Game seed: 960200596778424506

296610 rocky1 the Heavyweight Champion (level 18, 0/236 HPs)
             Began as a Troll Shapeshifter on Aug 5, 2023.
             Was an Initiate of Gozag.
             Slain by an Orb Guardian (34 damage)
             ... in the Dungeon (Sprint IX: "|||||||||||||||||||||||||||||").
             The game lasted 00:32:05 (10525 turns).

rocky1 the Heavyweight Champion (TrSh)             Turns: 10525, Time: 00:32:06

Health: 0/236      AC:  9    Str: 26    XL:     18   Next: 59%
Magic:  37/37      EV: 25    Int: 16    God:    Gozag
Gold:   9116       SH:  0    Dex: 14    Spells: 42/50 levels left

rFire   + +          .
                       - Unarmed
rCold   + + +        (no shield)
rNeg    + + +        y - +2 robe {Will+}
rPois   ∞            R - +1 hat
rElec   +            z - +1 cloak {Will+}
rCorr   +            (gloves unavailable)
SInv    .            (boots unavailable)
Will    ++++.        H - amulet "Gaimmued" {-Cast rC++ Regen+ rCorr}
Stlth   ++           O - ring of the Six Tables {rElec rF+ EV+3 Str+2}
HPRegen 2.19/turn    n - ring of Imiuz {rPois rF+ Str-4 Int+6 Dex+4}
MPRegen 0.25/turn

%: no teleportation, no spellcasting
@: death-form, gold aura, studying Ice Magic
A: vile attack, torment immunity, no potions, large, unfitting armour, claws 3,
regeneration 1, shaggy fur 1, tough skin 1
}: 5/17 runes: decaying, serpentine, barnacled, silver, gossamer
a: Siphon Essence, Begin Untransformation, Renounce Religion, Potion Petition,
Call Merchant, Bribe Branch


You were in the Dungeon.
You worshipped Gozag.
Gozag was greatly pleased with you.
You were an undying horror.
You visited 1 branch You collected 39637 gold pieces.
You spent 19477 gold pieces at shops.
You paid 11044 gold pieces to Gozag.

Inventory:

Missiles
 e - a throwing net
 h - 28 large rocks
 i - 3 boomerangs
 s - 11 datura-tipped darts
Armour
 y - a +2 robe of willpower (worn)
 z - a +1 cloak of willpower (worn)
 R - a +1 hat (worn)
Jewellery
 m - a +4 ring of slaying
 n - the ring of Imiuz (right claw) {rPois rF+ Str-4 Int+6 Dex+4}
   (You bought it in a shop in the Dungeon)

   [ring of intelligence]

   Str:       It affects your strength (-4).
   Int:       It affects your intelligence (+6).
   Dex:       It affects your dexterity (+4).
   rF:        It protects you from fire.
   rPois:     It protects you from poison.
 x - an amulet of the acrobat
 B - the ring "Anulibuck" {rC+ Int+4}
   (You found it in the Dungeon)

   [ring of protection from cold]

   Int:       It affects your intelligence (+4).
   rC:        It protects you from cold.
 H - the amulet "Gaimmued" (around neck) {-Cast rC++ Regen+ rCorr}
   (You bought it in a shop in the Dungeon)

   [amulet of regeneration]

   rC:        It greatly protects you from cold.
   -Cast:     It prevents spellcasting.
   Regen:     It increases your rate of health regeneration.
   rCorr:     It protects you from acid and corrosion.
 I - a +4 ring of slaying
 L - the ring "Leaj" {AC+3 Dex+3}
   (You found it in the Dungeon)

   [ring of protection]

   AC:        It affects your AC (+3).
   Dex:       It affects your dexterity (+3).
 M - the ring of Bysiatsa {*Corrode Drain rPois rF+ Int+5 Dex+3}
   (You found it in the Dungeon)

   [ring of protection from fire]

   Int:       It affects your intelligence (+5).
   Dex:       It affects your dexterity (+3).
   rF:        It protects you from fire.
   rPois:     It protects you from poison.
   *Corrode:  It may corrode you when you take damage.
   Drain:     It drains your maximum health when unequipped.
 N - the ring "Luiriz" {rF+ Dex+4}
   (You found it in the Dungeon)

   [ring of protection from fire]

   Dex:       It affects your dexterity (+4).
   rF:        It protects you from fire.
 O - the ring of the Six Tables (left claw) {rElec rF+ EV+3 Str+2}
   (You found it in the Dungeon)

   [ring of evasion]

   EV:        It affects your evasion (+3).
   Str:       It affects your strength (+2).
   rF:        It protects you from fire.
   rElec:     It insulates you from electricity.
Talismans
 a - a serpent talisman
 c - a beast talisman
 v - a granite talisman
 w - a blade talisman
 J - a dragon-blood talisman
 K - a talisman of death (active)
Wands
 l - a wand of quicksilver (3)
 u - a wand of flame (21)
Scrolls
 k - 3 scrolls of amnesia
 q - 2 scrolls of fear
 r - 6 scrolls of enchant armour
 t - 5 scrolls of identify
 E - 13 scrolls of enchant weapon
 S - 5 scrolls of fog
 T - 3 scrolls of blinking
Potions
 b - 2 potions of lignification
 d - 5 potions of curing
 f - 12 potions of haste
 g - 10 potions of magic
 j - 3 potions of mutation
 o - a potion of invisibility
 p - 2 potions of berserk rage
 A - 14 potions of heal wounds
 C - 2 potions of might
 D - 3 potions of enlightenment
 F - 4 potions of brilliance
 G - a potion of degeneration


   Skills:
 O Level 27 Fighting
 + Level 25.0 Dodging
 - Level 2.2 Stealth
 O Level 27 Unarmed Combat
 + Level 16.7 Spellcasting
 - Level 2.5 Evocations
 O Level 27 Shapeshifting


You had 42 spell levels left.
You knew the following spells:

 Your Spells              Type           Power      Damage    Failure   Level
a - Maxwell's Capacitive  Air            6%         ∞         100%        8

Your spell library contained the following spells:

 Spells                   Type           Power      Damage    Failure   Level
 Cigotuvi's Dreadful Rot  Necr/Pois/Air  26%        N/A       7%          2
 Poisonous Vapours        Pois/Air       26%        N/A       7%          2
 Dazzling Flash           Conj/Hex       26%        N/A       14%         3
 Frozen Ramparts          Ice            26%        1d4       14%         3
 Mephitic Cloud           Conj/Pois/Air  13%        N/A       14%         3
 Ozocubu's Armour         Ice            13%        N/A       14%         3
 Volatile Blastmotes      Fire/Tloc      26%        2d12      14%         3
 Olgreb's Toxic Radiance  Pois           13%        N/A       41%         4
 Passage of Golubria      Tloc           13%        N/A       41%         4
 Petrify                  Tmut/Erth      13%        N/A       41%         4
 Agony                    Necr           13%        N/A       77%         5
 Fireball                 Conj/Fire      6%         3d5       77%         5
 Freezing Cloud           Conj/Ice/Air   6%         6-21      77%         5
 Iskenderun's Battlesphe  Conj           13%        2d7       77%         5
 Metabolic Englaciation   Hex/Ice        6%         N/A       77%         5
 Silence                  Hex/Air        6%         N/A       77%         5
 Yara's Violent Unravell  Hex/Tmut       6%         3d5       77%         5
 Conjure Ball Lightning   Conj/Air       6%         3x3d6     100%        6
 Eringya's Noxious Bog    Tmut/Pois      6%         4d6       100%        6
 Starburst                Conj/Fire      6%         6d4       100%        6
 Haunt                    Necr/Summ      6%         N/A       100%        7
 Orb of Destruction       Conj           6%         9d6       100%        7
 Ozocubu's Refrigeration  Ice            6%         4d8       100%        7
 Infestation              Necr           6%         N/A       100%        8
 Lehudib's Crystal Spear  Conj/Erth      6%         10d3      100%        8
 Animate Dead             Necr           Unusable   N/A       N/A         4

Dungeon Overview and Level Annotations

Branches:
Dungeon (1/1)

Altars:
Cheibriados
Dithmenos
Elyvilon
Fedhas
Gozag
Hepliaklqana
Kikubaaqudgha
Makhleb
Nemelex Xobeh
Okawaru
Qazlal
Ru
Sif Muna
Trog
Uskayaw
Vehumet
Wu Jian
Xom
Yredelemnul
Zin
The Shining One
Jiyva
Lugonu

Shops:
D ?**==!=*=:


Innate Abilities, Weirdness & Mutations

You are an undying horror.
Your melee and unarmed attacks drain, slow and weaken victims.
You are immune to unholy pain and torment.
You cannot drink.
You are immune to poison.
You are too large for most types of armour.
You have claws for hands.
Your natural rate of healing is unusually fast.
You are covered in fur. (AC +1)
You have tough skin. (AC +1)


Message History

The Orb Guardian hits you!!
* * * LOW HITPOINT WARNING * * *
The purple draconian shifter is distracted by your dazzling golden aura.
The Orb Guardian completely misses you.
You see here 369 gold pieces.
Unknown command.
The purple draconian shifter roars!
You eviscerate the Orb Guardian!!!
The Orb Guardian decays.
You drain the Orb Guardian! You claw the Orb Guardian!
You kill the Orb Guardian!
Your Dodging skill increases to level 25!
Things that are here:
360 gold pieces; a +0 short sword The purple draconian shifter is no longer distracted by gold.
The purple draconian shifter breathes dispelling energy at you.
The bolt of dispelling energy hits you.
* * * LOW HITPOINT WARNING * * *
You claw the purple draconian shifter!
The purple draconian shifter decays.
You drain the purple draconian shifter.
The purple draconian shifter is lightly wounded.
You barely miss the purple draconian shifter.
You claw the purple draconian shifter!
The purple draconian shifter is moderately wounded.
You mangle the purple draconian shifter!!
The purple draconian shifter decays.
You drain the purple draconian shifter!
The purple draconian shifter is almost dead.
An Orb Guardian comes into view.
The purple draconian shifter barely misses you.
You scratch the purple draconian shifter but do no damage.
You drain the purple draconian shifter.
The purple draconian shifter is almost dead.
You eviscerate the purple draconian shifter!!!
You kill the purple draconian shifter!
Things that are here:
72 gold pieces; a +0 whip; a +0 cloak You miss the Orb Guardian.
You claw the Orb Guardian!!
The Orb Guardian is moderately wounded.
The Orb Guardian hits you!!
You die...
Your body crumbles into a pile of gold.

)▓.▓.▓.▓.▓.▓)▓.▓
'▓.▓.▓.▓.▓.▓.▓.▓.▓
[▓.▓)▓.▓.▓.▓[▓.▓.▓
.▓.▓)▓[▓.▓.▓)▓.▓.▓
[▓.▓)▓.▓.▓)▓)▓.▓.▓
)▓.▓.▓.▓.▓.▓.▓.▓.▓
[▓.▓)▓.▓.▓.▓.▓.▓.▓
[▓.▓)▓.▓.▓.▓'▓.▓X▓
[▓.▓)▓.▓.▓.▓.▓.▓z▓
.▓.▓(▓)▓.▓.▓.▓.▓$▓
.▓.▓)▓.▓.▓.▓)▓.▓.▓
)▓.▓)▓.▓.▓.▓)▓.▓$▓
[▓.▓)▓.▓.▓.▓.▓.▓$▓
.▓.▓)▓.▓.▓∩▓)▓.▓$▓
)▓.▓'▓.▓[▓.▓.▓.▓$▓
'▓.▓.▓.▓[▓)▓.▓.▓$▓
.▓.▓.▓.▓[▓.▓)▓.▓.▓


You could see an Orb Guardian.

Vanquished Creatures
  3 orbs of fire (D)
  3 ancient liches (D)
  Mara (D)
  Boris (D)
  Frederick (D)
  Margery (D)
  A caustic shrike (D)
  Nikola (D)
  5 golden dragons (D)
  3 electric golems (D)
  2 bone dragons (D)
  3 tentacled monstrosities (D)
  16 Orb Guardians (D)
  A lich (D)
  3 quicksilver dragons (D)
  A sphinx (D)
  A thorn hunter (D)
  A tengu reaver (D)
  3 death cobs (D)
  Ilsuiw (D)
  5 shadow dragons (D)
  Aizul (D)
  5 storm dragons (D)
  2 fire giants (D)
  3 draconian monks (D)
  2 draconian knights (D)
  8 nagarajas (D)
  3 vault wardens (D)
  A frost giant (D)
  3 emperor scorpions (D)
  A draconian scorcher (D)
  3 draconian shifters (D)
  A ghost moth (D)
  A draconian stormcaller (D)
  A very ugly thing (D)
  3 draconian annihilators (D)
  4 stone giants (D)
  A formless jellyfish (D)
  5 ironbound preservers (D)
  4 green draconians (D)
  Nessos (D)
  An ironbound thunderhulk (D)
  A bunyip (D)
  An eleionoma (D)
  A deep elf annihilator (D)
  2 black draconians (D)
  2 vampire knights (D)
  Azrael (D)
  4 yellow draconians (D)
  A purple draconian (D)
  3 red draconians (D)
  5 merfolk javelineers (D)
  An ettin (D)
  A deep elf death mage (D)
  2 merfolk impalers (D)
  7 fire dragons (D)
  5 yaktaur captains (D)
  25 vault guards (D)
  4 ice dragons (D)
  8 hydras (D)
  Erolcha (D)
  A rakshasa (D)
  An ogre mage (D)
  2 ironbound frosthearts (D)
  A radroach (D)
  A jorogumo (D)
  2 spriggan air magi (D)
  A merfolk aquamancer (D)
  An anaconda (shapeshifter) (D)
  2 anacondas (D)
  A merfolk avatar (D)
  A two-headed ogre (D)
  A dancing weapon (D)
  A deep troll earth mage (D)
  A deep troll shaman (D)
  A tengu warrior (D)
  3 demonic crawlers (D)
  A naga sharpshooter (D)
  3 naga warriors (D)
  A shock serpent (D)
  9 orc high priests (D)
  Nergalle (D)
  3 hell knights (D)
  2 skysharks (D)
  2 goliath frogs (D)
  A sea snake (D)
  6 swamp dragons (D)
  A flayed ghost (D)
  A glowing orange brain (D)
  A lindwurm (D)
  An ironbound convoker (D)
  3 wizards (D)
  3 necromancers (D)
  3 wolf spiders (D)
  2 orc knights (D)
  2 orc sorcerers (D)
  A cyclops (shapeshifter) (D)
  2 cyclopes (D)
  3 ugly things (D)
  9 moths of wrath (D)
  A merfolk siren (D)
  2 manticores (D)
  3 guardian serpents (D)
  A guardian serpent (shapeshifter) (D)
  A vault sentinel (D)
  2 cane toads (D)
  A black mamba (D)
  A torpor snail (D)
  A naga mage (D)
  4 komodo dragons (D)
  2 rime drakes (D)
  2 wind drakes (D)
  A polar bear (D)
  5 merfolk (D)
  A tyrant leech (D)
  A wind drake (shapeshifter) (D)
  3 tarantellas (D)
  3 snapping turtles (D)
  3 blink frogs (D)
  3 jumping spiders (D)
  4 slime creatures (D)
  A culicivora (shapeshifter) (D)
  A culicivora (D)
  3 yaks (D)
  A wraith (D)
  A basilisk (D)
  A fire elemental (D)
  Grum (D)
  2 vampire mosquitoes (D)
  2 nagas (D)
  A warg (D)
  6 hell hounds (D)
  2 acid dragons (D)
  12 orc warriors (D)
  2 swamp drakes (D)
  9 wolves (D)
  A centaur (D)
  A phantom (D)
  2 bullfrogs (D)
  A gnoll sergeant (D)
  A howler monkey (D)
  5 orc priests (D)
  6 orc wizards (D)
  An adder (D)
  A shadow imp (D)
  A dart slug (D)
  7 orcs (D)
  2 ball pythons (D)
  A bat (D)
  A giant cockroach (D)
  A quokka (D)
390 creatures vanquished.

Vanquished Creatures (others)
  A fire giant (D)
1 creature vanquished.

Grand Total: 391 creatures vanquished

Notes
Turn   | Place    | Note
-------+----------+-------------------------------------------
     0 | D        | rocky1 the Troll Shapeshifter began the quest for the Orb.
     0 | D        | Reached XP level 1. HP: 18/18 MP: 0/0
     2 | D        | Banished a spatial maelstrom
    13 | D        | Reached XP level 2. HP: 26/26 MP: 1/1
    18 | D        | Noticed a phantom
    28 | D        | Killed a phantom
    29 | D        | Reached skill level 1 in Fighting
    29 | D        | Reached skill level 5 in Unarmed Combat
    29 | D        | Reached skill level 5 in Shapeshifting
    29 | D        | Reached XP level 3. HP: 20/33 MP: 2/2
    29 | D        | Reached XP level 4. HP: 25/41 MP: 3/3
   244 | D        | Found a snail-covered altar of Cheibriados.
   244 | D        | Found a shadowy altar of Dithmenos.
   244 | D        | Found a white marble altar of Elyvilon.
   244 | D        | Found a blossoming altar of Fedhas.
   244 | D        | Found an opulent altar of Gozag.
   245 | D        | Found a hazy altar of Hepliaklqana.
   246 | D        | Found a viscous altar of Jiyva.
   247 | D        | Found an ancient bone altar of Kikubaaqudgha.
   248 | D        | Found a corrupted altar of Lugonu.
   249 | D        | Found a burning altar of Makhleb.
   250 | D        | Found a sparkling altar of Nemelex Xobeh.
   251 | D        | Found an iron altar of Okawaru.
   252 | D        | Became a worshipper of Gozag Ym Sagoz the Greedy
   253 | D        | Found a stormy altar of Qazlal.
   254 | D        | Found a sacrificial altar of Ru.
   255 | D        | Found a shimmering blue altar of Sif Muna.
   256 | D        | Found a bloodstained altar of Trog.
   257 | D        | Found a hide-covered altar of Uskayaw.
   258 | D        | Found a radiant altar of Vehumet.
   259 | D        | Found an ornate altar of the Wu Jian Council.
   260 | D        | Found a shimmering altar of Xom.
   261 | D        | Found a basalt altar of Yredelemnul.
   262 | D        | Found a glowing silver altar of Zin.
   263 | D        | Found a glowing golden altar of the Shining One.
   287 | D        | Noticed an orc warrior
   287 | D        | Noticed a wraith
   287 | D        | Noticed a centaur
   287 | D        | Noticed a yak
   293 | D        | Reached XP level 5. HP: 47/48 MP: 4/4
   294 | D        | Killed a yak
   295 | D        | Reached XP level 6. HP: 45/55 MP: 5/5
   300 | D        | Killed a wraith
   301 | D        | Reached XP level 7. HP: 54/63 MP: 6/6
   304 | D        | Reached skill level 10 in Unarmed Combat
   617 | D        | Noticed a two-headed ogre
   617 | D        | Noticed a cyclops
   617 | D        | Noticed a komodo dragon
   617 | D        | Noticed a slime creature
   617 | D        | Noticed a vampire mosquito
   620 | D        | Killed a slime creature
   621 | D        | Reached skill level 5 in Dodging
   621 | D        | Reached skill level 10 in Shapeshifting
   624 | D        | Killed a vampire mosquito
   627 | D        | Killed a two-headed ogre
   628 | D        | Reached XP level 8. HP: 74/74 MP: 7/7
   635 | D        | Killed a komodo dragon
   640 | D        | Killed a cyclops
   641 | D        | Reached XP level 9. HP: 20/81 MP: 8/8
   864 | D        | Found the +9 sword of Power {lifebolt}
   899 | D        | Noticed a komodo dragon
   899 | D        | Noticed a komodo dragon
   900 | D        | Noticed a cane toad
   905 | D        | Noticed a cane toad
   919 | D        | Killed a komodo dragon
   921 | D        | Killed a komodo dragon
   928 | D        | Killed a cane toad
   929 | D        | Reached skill level 15 in Unarmed Combat
   933 | D        | HP: 3/83 [cane toad (12)]
  1309 | D        | Killed a cane toad
  1322 | D        | Reached XP level 10. HP: 52/91 MP: 9/9
  1580 | D        | Noticed a skyshark
  1580 | D        | Noticed a seven-headed hydra
  1584 | D        | Reached skill level 1 in Stealth
  1592 | D        | Killed a seven-headed hydra
  1593 | D        | Reached skill level 1 in Evocations
  1600 | D        | Killed a skyshark
  1605 | D        | Noticed a skyshark
  1616 | D        | Killed a skyshark
  1944 | D        | Noticed Erolcha
  2007 | D        | Killed Erolcha
  2008 | D        | Reached XP level 11. HP: 95/101 MP: 10/10
  2223 | D        | Bought a granite talisman for 1040 gold pieces
  2223 | D        | Bought a blade talisman for 520 gold pieces
  2223 | D        | Bought an amulet of the acrobat for 390 gold pieces
  2248 | D        | Noticed an orc sorcerer
  2253 | D        | Noticed a soul eater
  2270 | D        | Killed an orc sorcerer
  2271 | D        | Noticed an orc sorcerer
  2273 | D        | Noticed an orc high priest
  2328 | D        | Killed an orc sorcerer
  2329 | D        | Killed an orc high priest
  2384 | D        | Reached skill level 15 in Shapeshifting
  2503 | D        | Found Hurr's Jewellery Boutique.
  2503 | D        | Noticed an orc high priest
  2503 | D        | Noticed an orc high priest
  2503 | D        | Noticed an orc high priest
  2503 | D        | Noticed an orc high priest
  2505 | D        | Killed an orc high priest
  2508 | D        | Killed an orc high priest
  2509 | D        | Noticed an orc high priest
  2513 | D        | Found Okuecih's Assorted Antiques.
  2516 | D        | Killed an orc high priest
  2521 | D        | Killed an orc high priest
  2522 | D        | Reached skill level 5 in Fighting
  2522 | D        | Noticed a sun demon
  2524 | D        | Noticed an orc high priest
  2533 | D        | HP: 4/135 [sun demon[an orc high priest] (19)]
  2544 | D        | Killed an orc high priest
  2550 | D        | Found Wotseu's Assorted Antiques.
  2550 | D        | Found Deiz's Magic Scroll Shop.
  2550 | D        | Noticed an orc high priest
  2556 | D        | Killed an orc high priest
  2558 | D        | Noticed an orc high priest
  2559 | D        | Killed an orc high priest
  2564 | D        | Killed an orc high priest
  2567 | D        | Reached XP level 12. HP: 105/115 MP: 11/11
  2755 | D        | Noticed Grum
  2765 | D        | Killed Grum
  2871 | D        | Noticed an ogre mage
  2899 | D        | a shock serpent changed into an anaconda
  2899 | D        | Noticed an anaconda (shapeshifter)
  2908 | D        | Noticed a fire dragon
  2911 | D        | Killed an ogre mage
  2924 | D        | Killed an anaconda
  2930 | D        | Noticed an ettin
  2954 | D        | Killed a fire dragon
  2958 | D        | Killed an ettin
  3255 | D        | Noticed a fire giant
  3268 | D        | Killed a fire giant
  3674 | D        | Noticed Aizul
  3683 | D        | Killed Aizul
  3843 | D        | Noticed a radroach
  3843 | D        | Noticed a jorogumo
  3849 | D        | Killed a jorogumo
  3854 | D        | Noticed a demonic crawler
  3860 | D        | Killed a radroach
  3868 | D        | Killed a demonic crawler
  4145 | D        | Noticed a five-headed hydra
  4145 | D        | Noticed a thorn hunter
  4145 | D        | Noticed a bunyip
  4147 | D        | Killed a bunyip
  4148 | D        | Reached XP level 13. HP: 133/133 MP: 12/12
  4148 | D        | Noticed an eleionoma
  4149 | D        | Killed a thorn hunter
  4150 | D        | Reached skill level 10 in Fighting
  4157 | D        | Killed an eleionoma
  4292 | D        | Bought a potion of curing for 48 gold pieces
  4292 | D        | Bought a potion of curing for 48 gold pieces
  4292 | D        | Bought a potion of might for 64 gold pieces
  4292 | D        | Bought a potion of mutation for 128 gold pieces
  4292 | D        | Bought a potion of haste for 160 gold pieces
  4292 | D        | Bought a potion of invisibility for 128 gold pieces
  4292 | D        | Bought a potion of curing for 48 gold pieces
  4292 | D        | Bought a potion of magic for 128 gold pieces
  4304 | D        | Noticed a merfolk javelineer
  4304 | D        | Noticed a merfolk impaler
  4324 | D        | Killed a merfolk javelineer
  4327 | D        | Killed a merfolk impaler
  4502 | D        | Bought a potion of heal wounds for 80 gold pieces
  4502 | D        | Bought a potion of enlightenment for 80 gold pieces
  4502 | D        | Bought a potion of heal wounds for 80 gold pieces
  4502 | D        | Bought a potion of brilliance for 64 gold pieces
  4502 | D        | Bought a potion of lignification for 48 gold pieces
  4502 | D        | Bought 2 potions of enlightenment for 160 gold pieces
  4502 | D        | Bought a potion of degeneration for 16 gold pieces
  4502 | D        | Bought a potion of haste for 160 gold pieces
  4502 | D        | Bought a potion of haste for 160 gold pieces
  4502 | D        | Bought a potion of mutation for 128 gold pieces
  4505 | D        | Noticed a nagaraja
  4514 | D        | Killed a nagaraja
  4880 | D        | Noticed Nessos
  4884 | D        | Killed Nessos
  4927 | D        | Noticed a stone giant
  4927 | D        | Noticed a stone giant
  4927 | D        | Noticed a stone giant
  4928 | D        | Noticed a storm dragon
  4929 | D        | Killed a stone giant
  4930 | D        | Noticed a fire giant
  4936 | D        | Killed a stone giant
  4937 | D        | Killed a stone giant
  4947 | D        | Killed a storm dragon
  4949 | D        | Killed a fire giant
  4949 | D        | Noticed a stone giant
  4952 | D        | Noticed a vampire knight
  4958 | D        | Reached XP level 14. HP: 150/150 MP: 13/13
  4965 | D        | Noticed a vampire knight
  4968 | D        | Killed a stone giant
  4976 | D        | Killed a vampire knight
  4985 | D        | Killed a vampire knight
  5022 | D        | Bought the amulet "Gaimmued" {-Cast rC++ Regen+ rCorr} for
                  | 955 gold pieces
  5022 | D        | Bought a +4 ring of slaying for 1404 gold pieces
  5022 | D        | Bought a dragon-blood talisman for 1440 gold pieces
  5022 | D        | Bought a talisman of death for 2046 gold pieces
  5045 | D        | Noticed an ironbound preserver
  5045 | D        | Noticed an ironbound preserver
  5052 | D        | Killed an ironbound preserver
  5053 | D        | Noticed an ironbound preserver
  5054 | D        | Killed an ironbound preserver
  5059 | D        | Killed an ironbound preserver
  5061 | D        | Noticed an ironbound thunderhulk
  5064 | D        | Reached skill level 27 in Unarmed Combat
  5065 | D        | Noticed a vault warden
  5070 | D        | Killed an ironbound thunderhulk
  5070 | D        | Noticed a formless jellyfish
  5074 | D        | Killed a vault warden
  5077 | D        | Noticed an ironbound preserver
  5078 | D        | Killed a formless jellyfish
  5081 | D        | Noticed a yellow draconian annihilator
  5085 | D        | Killed a yellow draconian annihilator
  5091 | D        | Killed an ironbound preserver
  5095 | D        | Noticed a sphinx
  5098 | D        | Reached skill level 15 in Fighting
  5107 | D        | Killed a sphinx
  5110 | D        | Noticed an ironbound preserver
  5117 | D        | Killed an ironbound preserver
  5501 | D        | Noticed Margery
  5507 | D        | Killed Margery
  5542 | D        | Noticed Nergalle
  5549 | D        | Killed Nergalle
  5576 | D        | Reached XP level 15. HP: 172/172 MP: 14/14
  5598 | D        | Reached skill level 10 in Dodging
  5614 | D        | Got a decaying rune of Zot
  5940 | D        | Noticed an emperor scorpion
  5940 | D        | Noticed an emperor scorpion
  5946 | D        | Killed an emperor scorpion
  5950 | D        | Killed an emperor scorpion
  5969 | D        | Noticed an emperor scorpion
  5975 | D        | Killed an emperor scorpion
  5984 | D        | Got a gossamer rune of Zot
  6188 | D        | Bought a book of Spectacle for 864 gold pieces
  6188 | D        | Bought a +4 ring of protection for 648 gold pieces
  6188 | D        | Bought a scroll of enchant weapon for 135 gold pieces
  6194 | D        | Noticed a nagaraja
  6195 | D        | Noticed a nagaraja
  6198 | D        | Noticed a nagaraja
  6199 | D        | Noticed a nagaraja
  6200 | D        | Killed a nagaraja
  6203 | D        | Killed a nagaraja
  6204 | D        | Noticed a nagaraja
  6208 | D        | Killed a nagaraja
  6209 | D        | Noticed a nagaraja
  6209 | D        | Noticed a nagaraja
  6216 | D        | Killed a nagaraja
  6220 | D        | Killed a nagaraja
  6222 | D        | Killed a nagaraja
  6234 | D        | Killed a nagaraja
  6242 | D        | Got a serpentine rune of Zot
  6294 | D        | Noticed Ilsuiw
  6310 | D        | Killed Ilsuiw
  6348 | D        | Got a barnacled rune of Zot
  6489 | D        | Bought a +4 ring of slaying for 1482 gold pieces
  6489 | D        | Bought the ring of Imiuz {rPois rF+ Str-4 Int+6 Dex+4} for
                  | 1029 gold pieces
  6502 | D        | Learned a level 8 spell: Maxwell's Capacitive Coupling
  6633 | D        | Reached XP level 16. HP: 197/197 MP: 15/15
  6680 | D        | Noticed a golden dragon
  6680 | D        | Noticed a lich
  6680 | D        | Noticed a tengu reaver
  6689 | D        | Killed a tengu reaver
  6696 | D        | Killed a lich
  6698 | D        | Killed a golden dragon
  6703 | D        | Noticed a shadow dragon
  6709 | D        | Noticed a shadow dragon
  6712 | D        | Reached skill level 15 in Dodging
  6712 | D        | Identified the +0 battleaxe "Awnouxt" {flame, MP-9 Int+3
                  | Dex+2}
  6718 | D        | Killed a shadow dragon
  6719 | D        | Reached skill level 1 in Spellcasting
  6723 | D        | Killed a shadow dragon
  6975 | D        | Noticed a shadow dragon
  6975 | D        | Noticed a quicksilver dragon
  6975 | D        | Noticed a golden dragon
  6975 | D        | Noticed a shadow dragon
  6976 | D        | Noticed an ancient lich
  6979 | D        | Noticed a shadow dragon
  6992 | D        | Killed a shadow dragon
  6993 | D        | Noticed a quicksilver dragon
  6996 | D        | Killed an ancient lich
  6998 | D        | Killed a golden dragon
  7003 | D        | Killed a quicksilver dragon
  7004 | D        | Identified the +4 ring mail "Bedaisy" {*Slow rElec Int+3
                  | Dex+2}
  7014 | D        | Killed a shadow dragon
  7019 | D        | Killed a quicksilver dragon
  7021 | D        | Killed a shadow dragon
  7030 | D        | Got a silver rune of Zot
  7071 | D        | Noticed Boris
  7085 | D        | Killed Boris
  7086 | D        | Reached skill level 5 in Spellcasting
  7088 | D        | Noticed Mara
  7097 | D        | Killed Mara
  7135 | D        | Noticed Frederick
  7142 | D        | Killed Frederick
  8921 | D        | Got the ring "Anulibuck" {rC+ Int+4}
  8923 | D        | Got the ring "Leaj" {AC+3 Dex+3}
  8925 | D        | Got the ring of Bysiatsa {*Corrode Drain rPois rF+ Int+5
                  | Dex+3}
  8927 | D        | Got the ring "Luiriz" {rF+ Dex+4}
  8929 | D        | Got the ring of the Six Tables {rElec rF+ EV+3 Str+2}
  9021 | D        | Noticed Nikola
  9035 | D        | Killed Nikola
  9043 | D        | Noticed Azrael
  9055 | D        | Killed Azrael
  9079 | D        | Bought a manual of Ice Magic for 1440 gold pieces
  9079 | D        | Bought Eringya's Quarto of the Mutagenic Gift for 864 gold
                  | pieces
  9079 | D        | Bought a book of Death for 792 gold pieces
  9079 | D        | Bought Ozocubu's Autobiography for 432 gold pieces
  9079 | D        | Bought a book of the Senses for 576 gold pieces
  9079 | D        | Bought a book of the Moon for 720 gold pieces
  9079 | D        | Bought a book of the Spheres for 972 gold pieces
  9120 | D        | Noticed a caustic shrike
  9127 | D        | Killed a caustic shrike
  9132 | D        | Reached XP level 17. HP: 107/219 MP: 25/25
  9256 | D        | Noticed a golden dragon
  9256 | D        | Noticed a bone dragon
  9262 | D        | Killed a bone dragon
  9266 | D        | Noticed a bone dragon
  9269 | D        | Killed a golden dragon
  9287 | D        | Killed a bone dragon
  9311 | D        | Noticed a golden dragon
  9311 | D        | Noticed an orb of fire
  9312 | D        | Noticed a tentacled monstrosity
  9334 | D        | Killed an orb of fire
  9342 | D        | Killed a tentacled monstrosity
  9344 | D        | Killed a golden dragon
  9712 | D        | Noticed a tentacled monstrosity
  9721 | D        | Noticed a tentacled monstrosity
  9724 | D        | Killed a tentacled monstrosity
  9733 | D        | Killed a tentacled monstrosity
  9734 | D        | Reached skill level 27 in Fighting
  9779 | D        | Reached skill level 10 in Spellcasting
 10061 | D        | Reached skill level 27 in Shapeshifting
 10170 | D        | Noticed an Orb Guardian
 10170 | D        | Noticed an Orb Guardian
 10170 | D        | Noticed an Orb Guardian
 10170 | D        | Noticed an Orb Guardian
 10170 | D        | Noticed an Orb Guardian
 10170 | D        | Noticed an Orb Guardian
 10171 | D        | Noticed an Orb Guardian
 10173 | D        | Killed an Orb Guardian
 10174 | D        | Noticed an Orb Guardian
 10178 | D        | Killed an Orb Guardian
 10180 | D        | Killed an Orb Guardian
 10183 | D        | Killed an Orb Guardian
 10188 | D        | Killed an Orb Guardian
 10189 | D        | Noticed an Orb Guardian
 10190 | D        | Noticed an Orb Guardian
 10195 | D        | Killed an Orb Guardian
 10203 | D        | Killed an Orb Guardian
 10204 | D        | Killed an Orb Guardian
 10207 | D        | Killed an Orb Guardian
 10212 | D        | Killed an Orb Guardian
 10213 | D        | Reached XP level 18. HP: 222/236 MP: 33/33
 10241 | D        | Noticed an Orb Guardian
 10241 | D        | Noticed an Orb Guardian
 10242 | D        | Noticed an Orb Guardian
 10247 | D        | Noticed an Orb Guardian
 10248 | D        | Killed an Orb Guardian
 10251 | D        | Killed an Orb Guardian
 10271 | D        | Killed an Orb Guardian
 10277 | D        | Killed an Orb Guardian
 10401 | D        | Noticed an ancient lich
 10410 | D        | Killed an ancient lich
 10413 | D        | Noticed an orb of fire
 10419 | D        | Killed an orb of fire
 10423 | D        | Noticed an electric golem
 10441 | D        | Killed an electric golem
 10457 | D        | Noticed a golden dragon
 10457 | D        | Noticed an electric golem
 10457 | D        | Noticed an electric golem
 10458 | D        | Noticed an Orb Guardian
 10465 | D        | Killed an electric golem
 10466 | D        | Noticed an ancient lich
 10468 | D        | Killed a golden dragon
 10469 | D        | Reached skill level 15 in Spellcasting
 10473 | D        | Noticed an orb of fire
 10488 | D        | Killed an ancient lich
 10491 | D        | Noticed an Orb Guardian
 10500 | D        | Killed an orb of fire
 10503 | D        | Killed an Orb Guardian
 10513 | D        | Killed an electric golem
 10515 | D        | Killed an Orb Guardian
 10520 | D        | Noticed an Orb Guardian
 10525 | D        | Slain by an Orb Guardian

Illustrated notes

Levels and vault maps discovered:
D:        linesprint [early_d, line_temple, items_1, d_10, items_2, lair_1,
          lair_end, items_3, orc_1, orc_end, items_4, d_15, swamp_1, shoals_1,
          snake_1, spider_1, d_20, vaults_1, items_5, swamp_end, shoals_end,
          snake_end, spider_end, vaults_end, d_27, items_6, zot_1, zot_end,
          crypt_end, forest_end, elf_end, slime_end, tomb_end, abyss_end,
          pan_hell_end]

Skill      XL: |  1  2  3  4  5  6  7  8  9 10 11 12 13 14 15 16 17 18 |
---------------+-------------------------------------------------------+-----
Shapeshifting  | 5 7 8 9 11 12 13 16 17 19 21 23 25 27 | 27.0
Fighting       | 1 2 3 4 6 9 12 16 21 25 27 | 27.0
Dodging        | 2 3 4 5 6 8 9 13 17 21 25 | 25.0
Unarmed Combat | 5 6 8 9 12 13 15 19 20 22 25 27 | 27.0
Stealth        | 2 |  2.2
Evocations     | 2 |  2.5
Spellcasting   | 6 12 16 | 16.7

Action                     |  1- 3 |  4- 6 |  7- 9 | 10-12 | 13-15 | 16-18 || total
---------------------------+-------+-------+-------+-------+-------+-------++-------
  Melee: Unarmed           |    18 |    15 |    55 |   247 |   332 |   444 ||  1111
         Punch             |       |     2 |     5 |    32 |    44 |    71 ||   154
 Invoke: Potion Petition   |       |       |       |     6 |       |       ||     6
         Call Merchant     |       |       |       |     1 |     5 |     1 ||     7
Ability: Begin Untransform |       |       |       |     1 |       |       ||     1
         Siphon Essence    |       |       |       |       |       |     1 ||     1
  Evoke: Wand              |       |       |       |     7 |       |       ||     7
    Use: Potion            |       |       |     5 |    14 |       |       ||    19
         Scroll            |       |       |     1 |     4 |       |       ||     5
   Stab: Distracted        |       |       |     1 |     3 |     3 |     5 ||    12
         Invisible         |       |       |       |     9 |       |       ||     9
 Armour: Animal skin       |     3 |     6 |     6 |     9 |       |       ||    24
         Skin              |       |       |       |    18 |   200 |       ||   218
         Robe              |       |       |       |    12 |       |    20 ||    32
         Swamp dragon scal |       |       |       |     2 |       |    12 ||    14
  Dodge: Dodged            |     5 |     5 |    17 |    89 |   224 |   152 ||   492
   Form: Statue            |       |       |       |     3 |       |       ||     3
         Blade             |       |       |       |     1 |       |       ||     1
         Death             |       |       |       |       |     1 |       ||     1

Table legend: (Time is in decaauts) A = Elapsed time spent in this place. B = Non-inter-level travel time spent in this place. C = Inter-level travel time spent in this place. D = Time resting spent in this place. E = Time spent auto-exploring this place. F = Levels seen in this place. G = Mean time per level. A B C D E F G +--------+--------+--------+--------+--------+-----+--------+ Total | 11265 | 10469 | 796 | 4903 | 924 | 1 | 11265.0 | Dungeon | 11265 | 10469 | 796 | 4903 | 924 | 1 | 11265.0 | +--------+--------+--------+--------+--------+-----+--------+

Top non-repeatable levels by time:
       D: 11265 daAuts
